 Dungeon Crawl Stone Soup version 0.30.1-4-g462c640d31 (webtiles) character file.

Game seed: 14005645210668655276

18352 safid the Frost Mage (level 12, -3/102 HPs)
             Began as a Merfolk Ice Elementalist on Aug 28, 2023.
             Was a Priest of Vehumet.
             Slain by a komodo dragon (45 damage)
             ... on level 4 of the Lair of Beasts.
             The game lasted 00:29:50 (14391 turns).

safid the Frost Mage (Merfolk Ice Elementalist)    Turns: 14391, Time: 00:29:50

Health: -3/102     AC: 18    Str:  9    XL:     12   Next: 57%
Magic:  24/24      EV:  2    Int: 17    God:    Vehumet [***...]
Gold:   170        SH:  0    Dex: 25    Spells: 12/27 levels left

rFire   . . .        J - +3 halberd (freeze)
rCold   + + .        (shield currently unavailable)
rNeg    . . .        H - +1 robe {rC+}
rPois   .            l - +1 helmet of the Lily {Dex+4 SInv}
rElec   .            n - +0 cloak
rCorr   .            A - +1 pair of gloves {Dex+3}
SInv    +            o - +0 pair of boots
Will    .....        z - amulet of magic regeneration
Stlth   +++          q - ring of protection from cold
HPRegen 0.37/turn    a - +5 ring of evasion
MPRegen 0.59/turn

%: no passive effects
@: ice-armoured, sleeping, marked
A: (nimble swimmer 2), mertail, agile 1
a: Renounce Religion


You were on level 4 of the Lair of Beasts.
You worshipped Vehumet.
Vehumet was most pleased with you.
You visited 3 branches of the dungeon, and saw 17 of its levels.
You also visited: Bailey.

You collected 756 gold pieces.
You spent 586 gold pieces at shops.

Inventory:

Hand Weapons
 J - a +3 halberd of freezing (weapon)
Missiles
 g - 4 throwing nets
 h - 3 curare-tipped darts
Armour
 l - the +1 helmet of the Lily (worn) {Dex+4 SInv}
   (You bought it in a shop on level 9 of the Dungeon)

   Dex:       It affects your dexterity (+4).
   SInv:      It lets you see invisible.
 n - a +0 cloak (worn)
 o - a +0 pair of boots (worn)
 A - a +1 pair of gloves of dexterity (worn)
 H - a +1 robe of cold resistance (worn)
Jewellery
 a - a +5 ring of evasion (right hand)
 k - a ring of ice
 q - a ring of protection from cold (left hand)
 z - an amulet of magic regeneration (around neck)
Wands
 I - a wand of roots (9)
Scrolls
 d - 3 scrolls of fear
 f - a scroll of brand weapon {unknown}
 m - 4 scrolls of teleportation
 p - 2 scrolls of magic mapping
 r - 3 scrolls of enchant armour
 v - 4 scrolls of butterflies
 x - 3 scrolls of amnesia
 y - a scroll of noise {unknown}
 F - 4 scrolls of fog
 G - a scroll of poison {unknown}
Potions
 b - a potion of magic
 c - a potion of might
 e - 2 potions of cancellation {unknown}
 i - 2 potions of haste
 s - 4 potions of heal wounds
 t - 2 potions of degeneration {unknown}
 u - 3 potions of curing
 w - a potion of resistance {unknown}
 B - 2 potions of ambrosia
 D - 2 potions of brilliance {unknown}
 E - a potion of invisibility {unknown}
 K - a potion of berserk rage {unknown}
Miscellaneous
 j - a lightning rod (4/4)


   Skills:
 - Level 12.0 Fighting
 - Level 8.0 Dodging
 - Level 2.1 Stealth
 - Level 8.0 Spellcasting
 - Level 4.0 Conjurations
 + Level 14.5 Ice Magic
 - Level 2.0 Air Magic


You had 12 spell levels left.
You knew the following spells:

 Your Spells              Type           Power      Damage    Failure   Level
a - Freeze                Ice            100%       1d10      1%          1
b - Frozen Ramparts       Ice            100%       1d16      1%          3
c - Ozocubu's Armour      Ice            54%        N/A       1%          3
d - Hailstorm             Conj/Ice       38%        3d9       1%          3
e - Freezing Cloud        Conj/Ice/Air   15%        6-21      4%          5

Your spell library contained the following spells:

 Spells                   Type           Power      Damage    Failure   Level
 Poisonous Vapours        Pois/Air       20%        N/A       3%          2
 Mephitic Cloud           Conj/Pois/Air  13%        N/A       4%          3
 Summon Ice Beast         Ice/Summ       31%        N/A       5%          4
 Apportation              Tloc           12%        N/A       11%         1
 Sting                    Tmut/Pois      24%        1d4       11%         1
 Summon Small Mammal      Summ           24%        N/A       11%         1
 Metabolic Englaciation   Hex/Ice        15%        N/A       14%         5
 Sublimation of Blood     Necr           6%         N/A       16%         2
 Wereblood                Tmut           6%         N/A       16%         2
 Olgreb's Toxic Radiance  Pois           6%         N/A       26%         4
 Call Canine Familiar     Summ           6%         N/A       30%         3
 Summon Guardian Golem    Hex/Summ       6%         N/A       30%         3
 Tukima's Dance           Hex            6%         N/A       30%         3
 Yara's Violent Unravell  Hex/Tmut       3%         3d4       54%         5
 Summon Lightning Spire   Summ/Air       10%        N/A       56%         4
 Passage of Golubria      Tloc           6%         N/A       71%         4
 Petrify                  Tmut/Erth      6%         N/A       71%         4
 Conjure Ball Lightning   Conj/Air       8%         3x3d6     71%         6
 Alistair's Intoxication  Tmut/Pois      4%         N/A       96%         5
 Summon Mana Viper        Hex/Summ       6%         N/A       96%         5
 Orb of Destruction       Conj           10%        9d6       98%         7
 Statue Form              Tmut/Erth      4%         N/A       100%        6
 Monstrous Menagerie      Summ           3%         N/A       100%        7
 Spellforged Servitor     Conj/Summ      6%         N/A       100%        7
 Storm Form               Tmut/Air       5%         N/A       100%        7
 Summon Hydra             Summ           3%         N/A       100%        7
 Discord                  Hex            3%         N/A       100%        8
 Disjunction              Tloc           3%         N/A       100%        8
 Maxwell's Capacitive Co  Air            6%         ∞         100%        8


Dungeon Overview and Level Annotations

Branches:
Dungeon (11/15)            Temple (1/1) D:7            Lair (5/5) D:9
  Slime (0/5) Lair:5       Bailey (visited)
  Swamp: Lair:2-3    Shoals: Lair:2-3     Snake: Lair:2-3    Spider: Lair:2-3
    Orc: D:9-12

Altars:
Ashenzari
Cheibriados
Dithmenos
Elyvilon
Fedhas
Gozag
Hepliaklqana
Kikubaaqudgha
Makhleb
Nemelex Xobeh
Okawaru
Qazlal
Ru
Sif Muna
Trog
Uskayaw
Vehumet
Wu Jian
Xom
Yredelemnul
Zin
The Shining One
Jiyva

Shops:
D:4 :[*[!   D:7 !   D:9 [[(((**   D:10 *

Annotations:
D:9 exclusion: obsidian statue


Innate Abilities, Weirdness & Mutations

((You are very nimble when in or above water. (Stealth+, EV+, Speed+++)))
Your lower body shifts to a powerful aquatic tail in water.
You are agile. (Dex +4, Str/Int -1)


Message History

The wall freezes the rime drake.
The rime drake misses you.
The wall freezes the wolf.
The wolf completely misses you.
A cane toad comes into view.
You hit the dream sheep but do no damage.
The wall freezes the wolf but does no damage.
The wolf completely misses you.
The rime drake resists.
The wall freezes the rime drake.
The rime drake misses you.
The wall freezes the wolf but does no damage.
The wolf bites you!
The wall freezes the dream sheep.
The dream sheep closely misses you.
The rime drake resists.
The wall freezes the rime drake.
The rime drake bites you but does no damage.
The wall freezes the wolf.
The wolf closely misses you.
The wall freezes the dream sheep.
The dream sheep barely misses you.
The wall freezes the dream sheep.
You puncture the dream sheep! You freeze the dream sheep.
You kill the dream sheep!
Vehumet accepts your kill.
The wall freezes the wolf!
You kill the wolf!
Vehumet accepts your kill.
The rime drake resists.
The wall freezes the rime drake.
The rime drake closely misses you.
The wall freezes the dream sheep!
The rime drake resists.
The wall freezes the rime drake.
The rime drake barely misses you.
A black mamba comes into view.
You slash the rime drake!
The rime drake is almost dead.
The frozen ramparts melt away.
The rime drake bites you but does no damage.
The dream sheep barely misses you. The rime drake completely misses you.
Unknown command.
You slash the rime drake! You freeze the rime drake.
You kill the rime drake!
Vehumet accepts your kill.
The dream sheep shake their wool and sparkle.
You feel drowsy...
You fall asleep.
The dream sheep bites you but does no damage.
The komodo dragon bites you!!!
You die...

##.....P##...#
..#P....#...##
#.....####.#...#[##
.#.#.# #....#...#
.<...P####.......# .#
#...##.#...###.## ...
#..........###..#
....##...###.#..#....#
#.......#@#...###...#
###..#.YFlYY(..†.....#
......#.S...#...#P####
#......######.####
#..##?...# #..#
#.....# ##.. ........
.... ....##..... #..##
.... #...### #..#


You could see a komodo dragon, a black mamba, a cane toad and 3 dream sheep.

Vanquished Creatures
  2 hydras (Lair:5)
  A two-headed ogre (Bailey)
  A black mamba (Lair:3)
  2 gargoyles (D:10)
  2 cane toads
  Maggie (D:8)
  3 rime drakes
  6 komodo dragons
  A troll (D:10)
  Prince Ribbit (D:8)
  3 blink frogs (Lair:1)
  A dream sheep (Lair:4)
  5 spriggans (Bailey)
  A wraith (D:10)
  A wyvern (D:7)
  10 yaks
  A basilisk (Lair:2)
  3 steam dragons
  An acid dragon (D:10)
  13 water moccasins
  7 orc warriors
  4 sky beasts
  3 black bears
  5 ogres
  13 wolves
  4 centaurs
  2 phantoms
  6 kobold brigands
  9 bullfrogs
  2 gnoll sergeants (D:9)
  5 scorpions
  9 wights (D:8)
  13 killer bees
  3 howler monkeys
  8 hounds
  A gnoll bouda (D:8)
  3 orc priests
  4 jellies
  5 sleepcaps
  5 iguanas
  12 orc wizards
  A mummy (D:8)
  17 gnolls
  5 adders
  2 white imps
  An ufetubus (D:6)
  3 worms
  4 dart slugs
  44 orcs
  8 ball pythons
  9 endoplasms
  4 giant cockroaches
  9 hobgoblins
  6 jackals (D:3)
  3 quokkas
  2 frilled lizards
  5 goblins
  33 kobolds
  3 kobold zombies (D:8)
  An orc zombie (D:8)
  4 rats
346 creatures vanquished.

Vanquished Creatures (others)
  A gnoll (D:9)
  2 kobolds (D:9)
3 creatures vanquished.

Grand Total: 349 creatures vanquished

Notes
Turn   | Place    | Note
-------+----------+-------------------------------------------
     0 | D:1      | safid the Merfolk Ice Elementalist began the quest for the
                  | Orb.
     0 | D:1      | Reached XP level 1. HP: 13/13 MP: 3/3
   243 | D:1      | Reached XP level 2. HP: 20/20 MP: 5/5
   306 | D:1      | Reached skill level 1 in Fighting
   626 | D:2      | Reached XP level 3. HP: 20/26 MP: 0/6
   641 | D:2      | Learned a level 3 spell: Frozen Ramparts
  1012 | D:2      | Reached skill level 5 in Ice Magic
  1015 | D:2      | Reached XP level 4. HP: 30/33 MP: 8/8
  1019 | D:2      | Learned a level 3 spell: Ozocubu's Armour
  2166 | D:4      | Reached XP level 5. HP: 6/39 MP: 2/9
  2170 | D:4      | HP: 1/39 [gnoll/+0 spear (5)]
  2171 | D:4      | Gained mutation: You are agile. (Dex +4, Str/Int -1)
                  | [potion of mutation]
  2328 | D:4      | Found Naofaz's Distillery.
  2342 | D:4      | Bought a potion of heal wounds for 65 gold pieces
  2350 | D:4      | Found a hazy altar of Hepliaklqana.
  2474 | D:4      | Reached XP level 6. HP: 42/47 MP: 3/11
  2562 | D:4      | Found a blossoming altar of Fedhas.
  2680 | D:4      | Found Jeteat Woila's Armour Shoppe.
  2776 | D:4      | Found an ornate altar of the Wu Jian Council.
  2888 | D:4      | Reached skill level 6 in Ice Magic
  2910 | D:4      | Reached XP level 7. HP: 52/54 MP: 2/13
  3118 | D:4      | Found Ewuafeuno's Antique Armour Shop.
  3183 | D:4      | Found Jialol's Assorted Antiques.
  3257 | D:4      | Found Pequrezu's Book Emporium.
  3295 | D:4      | Noticed a spectral centipede
  3295 | D:4      | Noticed a spectral black mamba
  3295 | D:4      | Noticed a spectral cane toad
  3315 | D:5      | Entered Level 5 of the Dungeon
  3385 | D:5      | Found a runed translucent door.
  3451 | D:5      | Found a large runed translucent door.
  3452 | D:5      | Found a large runed translucent door.
  3516 | D:5      | Reached skill level 5 in Fighting
  3672 | D:5      | Reached skill level 7 in Ice Magic
  3672 | D:5      | Reached XP level 8. HP: 56/62 MP: 8/15
  3816 | D:5      | Reached skill level 5 in Spellcasting
  4613 | D:5      | Found a snail-covered altar of Cheibriados.
  4627 | D:5      | Found a bloodstained altar of Trog.
  4890 | D:5      | Reached skill level 5 in Dodging
  5055 | D:5      | Reached XP level 9. HP: 65/71 MP: 9/17
  5282 | D:6      | Reached skill level 8 in Ice Magic
  5664 | D:6      | Learned a level 5 spell: Freezing Cloud
  5754 | D:6      | Found a shadowy altar of Dithmenos.
  5932 | D:7      | Found a staircase to the Ecumenical Temple.
  5955 | Temple   | Entered the Ecumenical Temple
  6365 | D:7      | Found Nuylezod's Distillery.
  6402 | D:7      | Bought a potion of haste for 140 gold pieces
  6402 | D:7      | Bought a potion of curing for 42 gold pieces
  6719 | D:7      | Reached skill level 1 in Conjurations
  6719 | D:7      | Reached skill level 1 in Air Magic
  7795 | D:8      | Noticed Maggie
  7805 | D:8      | Killed Maggie
  7806 | D:8      | Reached XP level 10. HP: 40/79 MP: 13/20
  8169 | D:8      | Reached skill level 9 in Ice Magic
  8197 | D:8      | Noticed Prince Ribbit
  8212 | D:8      | Killed Prince Ribbit
  8612 | D:8      | Found a broken altar of Ashenzari.
  8800 | D:9      | Found a hide-covered altar of Uskayaw.
  8847 | D:9      | Found a radiant altar of Vehumet.
  9088 | D:9      | Became a worshipper of Vehumet
  9211 | D:9      | Found Selisami's General Store.
  9213 | D:9      | Found Sohoj's Specific Store.
  9221 | D:9      | Bought a scroll of fear for 64 gold pieces
  9243 | D:9      | Found Reohotz's Weapon Emporium.
  9595 | D:9      | Found a basalt altar of Yredelemnul.
  9609 | D:9      | Reached skill level 10 in Ice Magic
  9609 | D:9      | Reached XP level 11. HP: 89/89 MP: 17/22
  9643 | D:9      | Found Wuozurph's Weapon Boutique.
  9677 | D:9      | Found Lofinao's Weapon Shop.
  9712 | D:9      | Found a staircase to the Lair.
  9745 | D:9      | Noticed an obsidian statue
  9797 | D:9      | Found Ezxyryewn's Antique Armour Boutique.
  9828 | D:9      | Reached * piety under Vehumet
  9828 | D:9      | Offered knowledge of Magic Dart by Vehumet.
  9993 | D:9      | Found a glowing golden altar of the Shining One.
 10205 | D:9      | Found Bossep's Antique Armour Shoppe.
 10208 | D:9      | Bought a distressingly furry helmet for 247 gold pieces
 10208 | D:9      | Identified the +1 helmet of the Lily {Dex+4 SInv} (You
                  | bought it in a shop on level 9 of the Dungeon)
 10367 | D:9      | Noticed an angel
 10379 | D:10     | Entered Level 10 of the Dungeon
 10379 | D:10     | Found Haithuwaxtu's General Store.
 10405 | D:10     | Bought a scroll of identify for 28 gold pieces
 10439 | D:10     | HP: 3/89 [gargoyle/+0 flail (11)]
 10604 | D:10     | Found a flagged portal.
 10629 | Bailey   | Entered a bailey
 10744 | Bailey   | Noticed a two-headed ogre
 10752 | Bailey   | Killed a two-headed ogre
 10753 | Bailey   | Reached skill level 10 in Fighting
 10753 | Bailey   | Reached skill level 11 in Ice Magic
 10808 | Bailey   | Identified the +0 steam dragon scales of Yblehed {rC+ rCorr
                  | Str-5}
 10819 | Bailey   | Offered knowledge of Scorch by Vehumet.
 10887 | Bailey   | Reached ** piety under Vehumet
 11632 | Lair:1   | Entered Level 1 of the Lair of Beasts
 11849 | Lair:1   | Reached skill level 12 in Ice Magic
 12811 | Lair:2   | Reached XP level 12. HP: 100/100 MP: 22/24
 13400 | Lair:2   | Reached skill level 13 in Ice Magic
 14142 | Lair:3   | Offered knowledge of Hailstorm by Vehumet.
 14147 | Lair:3   | Learned a level 3 spell: Hailstorm
 14201 | Lair:3   | You fall into a shaft and drop 2 floors!
 14201 | Lair:5   | Entered Level 5 of the Lair of Beasts
 14201 | Lair:5   | Noticed a four-headed hydra
 14201 | Lair:5   | Found a staircase to the Slime Pits.
 14203 | Lair:5   | Found a viscous altar of Jiyva.
 14212 | Lair:5   | Noticed an eight-headed hydra
 14227 | Lair:5   | Killed a nine-headed hydra
 14247 | Lair:5   | Noticed a seven-headed hydra
 14258 | Lair:5   | Killed an eight-headed hydra
 14259 | Lair:5   | Reached skill level 14 in Ice Magic
 14387 | Lair:4   | Reached *** piety under Vehumet
 14391 | Lair:4   | Slain by a komodo dragon

Illustrated notes

Levels and vault maps discovered:
D:1:      scummos_arrival_forest, layout_basic, dreamdust_mushroom_princess
D:2:      layout_basic
D:3:      layout_loops_ring
D:4:      layout_cave_pools, nicolae_overflow_crystal_walls,
          general_overflow_altar, pdpol_wu_jian_five_deadly_venoms,
          serial_shops, nicolae_shop_waterfront, nicolae_lakefront_shop,
          nicolae_lakefront_shop, kennysheep_mini, nicolae_shop_back_alley_shop,
          hellmonk_no_cap
D:5:      layout_basic, jmf_multi_god_temple2, lightli_church_of_beogh
D:6:      layout_basic, amcnicky_altar_gilded, nrook_uturn
D:7:      layout_basic, minmay_temple_entry_hall, serial_shops, shop,
          corexii_checkpoint_a
D:8:      layout_gridville, ashenzari_altar_1, minmay_mini_ossuary,
          uniq_prince_ribbit1, uniq_maggie
D:9:      layout_basic, grunt_temple_overflow_holy_war, fiery_altar_vehumet,
          nicolae_uskayaw_suspiria, due_lair_maze_entry_diamond, serial_shops,
          shop, shop_fountains, kennysheep_mini_moat,
          nicolae_shop_advertising_works [nicolae_subvault_shop_adworks],
          nicolae_shop_bloodbath_and_beyond, minivault_15,
          nicolae_specific_store, hangedman_misty_isle
D:10:     layout_loops_ring, serial_glass, glass_columns_a, glass_columns_a,
          glass_columns_a, glass_columns_c, glass_columns_a, glass_columns_a,
          glass_columns_a, glass_columns_a, glass_columns_b, glass_columns_a,
          enter_bailey_6, nicolae_stop_n_shop_1
D:11:     layout_irregular_city, uniq_urug, uniq_harold
Temple:   jpeg_temple_clearing
Lair:1:   layout_gridlike
Lair:2:   layout_layer_cave, serial_bayou_pond_d, grunt_megastairs_1,
          infiniplex_staircase_pool_2
Lair:3:   layout_big_grid, nicolae_swamp_entry_splash_gauntlet,
          minmay_snake_entry_six_corridors, lemuel_fruit_tree, uniq_nessos
Lair:4:   layout_loops_ring, chequers_serial_rivers_room_a
Lair:5:   minmay_lair_end_frog_pond, layout_small_grid,
          nicolae_slime_entry_slimehenge

Skill      XL: |  1  2  3  4  5  6  7  8  9 10 11 12 |
---------------+-------------------------------------+-----
Fighting       | 1 2 3 4 5 6 7 9 11 12 | 12.0
Ice Magic      | 5 6 7 8 10 12 14 | 14.5
Spellcasting   | 3 4 5 6 7 8 |  8.0
Dodging        | 3 5 7 8 |  8.0
Conjurations   | 2 4 |  4.0
Air Magic      | 2 |  2.0
Stealth        | |  2.1

Action                     |  1- 3 |  4- 6 |  7- 9 | 10-12 || total
---------------------------+-------+-------+-------+-------++-------
  Melee: Mace              |    14 |       |       |       ||    14
         Short sword       |    99 |   141 |   270 |    43 ||   553
         Punch             |       |     1 |     6 |     1 ||     8
         Halberd           |       |       |       |   329 ||   329
         Tailslap          |       |       |       |     3 ||     3
   Cast: Freeze            |    12 |     7 |     9 |     4 ||    32
         Frozen Ramparts   |       |    15 |    39 |    80 ||   134
         Ozocubu's Armour  |       |     5 |    34 |    68 ||   107
         Freezing Cloud    |       |       |     1 |       ||     1
    Use: Potion            |       |     1 |       |     3 ||     4
         Scroll            |       |       |     3 |    10 ||    13
   Stab: Sleeping          |     2 |     2 |     1 |       ||     5
         Distracted        |       |     1 |       |     1 ||     2
 Armour: Robe              |    43 |    69 |   128 |   107 ||   347
  Dodge: Dodged            |    90 |   104 |   178 |   555 ||   927
